 Dungeon Crawl Stone Soup version 0.25.0-26-g0c896c7088 (webtiles) character file.

Game seed: 4596390218239569131

(classic levelgen) 165 EnegeticOcto the Chopper (level 5, 41/46 HPs)
             Began as a Deep Dwarf Fighter on July 5, 2020.
             Quit the game on level 4 of the Dungeon.
             The game lasted 00:03:02 (382 turns).

EnegeticOcto the Chopper (Deep Dwarf Fighter)        Turns: 382, Time: 00:03:02

Health: 41/46      AC:  6    Str: 21    XL:     5   Next: 22%
Magic:  4/4        EV:  7    Int:  8    God:
Gold:   100        SH:  9    Dex: 12    Spells: 4/4 levels left

rFire    . . .     SeeInvis .   a - +1 war axe
rCold    . . .     Gourm    .   c - +0 kite shield
rNeg     . . .     Faith    .   b - +0 scale mail
rPois    .         Spirit   .   (no helmet)
rElec    .         Reflect  .   j - scarf {+Inv}
rCorr    .         Harm     .   (no gloves)
MR       .....                  (no boots)
Stlth    ..........             (no amulet)
HPRegen  0.00/turn              (no ring)
MPRegen  0.09/turn              (no ring)

@: non-regenerating
A: damage resistance, heal wounds, sense surroundings 1, no regeneration
a: Heal Wounds, Evoke Invisibility


You were on level 4 of the Dungeon.
You were not hungry.

You visited 1 branch of the dungeon, and saw 4 of its levels.

You collected 100 gold pieces.

Inventory:

Hand Weapons
 a - a +1 war axe (weapon)
Armour
 b - a +0 scale mail (worn)
 c - a +0 kite shield (worn)
 i - a +0 chain mail
 j - a scarf of invisibility (worn)
Scrolls
 k - a scroll of remove curse {unknown}
Potions
 d - a potion of might {@q3 !q}
 g - a potion of lignification {@q6}
Comestibles
 e - a ration


   Skills:
 - Level 2.6 Fighting
 + Level 6.0 Axes
 - Level 3.2 Armour
 - Level 3.2 Shields


You had 4 spell levels left.
You didn't know any spells.
Your spell library was empty.

Dungeon Overview and Level Annotations

Branches:
Dungeon (4/15)
 Temple: D:4-7

Altars:
Beogh

Shops:
D:4 ![


Innate Abilities, Weirdness & Mutations

You are resistant to damage.
You can heal yourself by infusing magical energy.
You passively map a small area around you.
You do not regenerate.


Message History

The orc priest is almost dead.
The orc priest barely misses you.
You hit the orc priest.
The orc priest is almost dead.
You block the orc priest's attack.
You slash the orc priest!
You kill the orc priest!
You see here a +0 scale mail.
You see here a +0 falchion.
Things that are here:
a +0 dagger; a +0 robe You now have 56 gold pieces (gained 10).
You now have 66 gold pieces (gained 10).
You now have 70 gold pieces (gained 4).
You now have 76 gold pieces (gained 6).
You now have 85 gold pieces (gained 9).
You now have 100 gold pieces (gained 15).
You see here a +0 falchion.
There is an open door, spattered with blood here.
There is a stone staircase leading down here.
You climb downwards.
A hound comes into view.
The hound barks!
Found Wiupt's Distillery.
Found an escape hatch in the ceiling.
There is a stone staircase leading up here.
The hound bites you.
You climb upwards.
There is a stone staircase leading down here.
You hit the hound.
The hound is lightly wounded.
The hound barely misses you. The hound bites you but does no damage.
You barely miss the hound.
The hound is lightly wounded.
You block the hound's attack. The hound barely misses you.
You completely miss the hound.
The hound is lightly wounded.
You block the hound's attack. x2
You slash the hound!
The hound is severely wounded.
The hound bites you but does no damage. You block the hound's attack.
You miss the hound.
The hound is severely wounded.
The hound closely misses you. You block the hound's attack.
The hound bites you but does no damage.
You climb downwards.
There is a stone staircase leading up here.
You hit the hound.
The hound is almost dead.
The hound bites you but does no damage. You block the hound's attack.
You miss the hound.
The hound is almost dead.
You block the hound's attack. x2
You hit the hound but do no damage.
The hound is almost dead.
You block the hound's attack. x2
You hit the hound.
You kill the hound!
You have reached level 5!
There is an entrance to Wiupt's Distillery here.
You can access your shopping list by pressing '$'.
A worker ant comes into view.
You block the worker ant's attack.
Found 13 stones.
You block the worker ant's attack.
Found a scroll labeled HINANAARETHABB.
The worker ant bites you.
You see here 13 stones.
The worker ant bites you but does no damage.
You see here a scroll labeled HINANAARETHABB.
As you read the scroll labeled HINANAARETHABB, it crumbles to dust.
It is a scroll of enchant weapon.
Your +0 war axe glows red for a moment.
The worker ant completely misses you.
You slash the worker ant!
The worker ant is severely wounded.
The worker ant bites you but does no damage.
You closely miss the worker ant.
The worker ant is severely wounded.
The worker ant closely misses you. The worker ant bites you.
You closely miss the worker ant.
The worker ant is severely wounded.
The worker ant bites you.
You hit the worker ant.
You kill the worker ant!
Your Axes skill increases to level 6!
You see here a worker ant corpse.
Found a scroll labeled ESELAVI MIBOGH.
k - a scroll labeled ESELAVI MIBOGH
Okay, then.
Found Lucluawk's Armour Shoppe.
The orc shouts!
As you read the scroll labeled NIG NAWOETRA, it crumbles to dust.
You hear a loud clanging noise!
It was a scroll of noise.
You hear a shout! x2
As you read the scroll labeled PUEMOY MUOG, it crumbles to dust.
It is a scroll of identify.
g - a potion of lignification Why would you want to do that?
Okay, then.
Are you sure you want to abandon this character and quit the game? (Confirm with "yes".)

* *
#######
.....##
* *
#.#≈≈≈##
#.≈≈≈≈≈#
#...∩≈≈#
*
#o≈≈≈≈#
*#≈≈≈#
#@#* *
#.# #.#
#.# #.#
#.# #.#
#.# #.#


You could see an orc.

Vanquished Creatures
  A hound (D:4)
  An orc priest (D:3)
  An orc wizard (D:3)
  Terence (D:3)
  A worker ant (D:4)
  An adder (D:3)
  A worm (D:3)
  A dart slug (D:1)
  2 orcs (D:3)
  3 goblins (D:2)
  2 hobgoblins (D:1)
  5 frilled lizards (D:1)
  2 kobolds
  2 rats
24 creatures vanquished.

Notes
Turn   | Place    | Note
-------+----------+-------------------------------------------
     0 | D:1      | EnegeticOcto the Deep Dwarf Fighter began the quest for the
                  | Orb.
     0 | D:1      | Reached XP level 1. HP: 20/20 MP: 1/1
    92 | D:1      | Reached skill level 3 in Axes
    92 | D:1      | Reached XP level 2. HP: 24/27 MP: 2/2
   133 | D:3      | Noticed Terence
   141 | D:3      | Killed Terence
   141 | D:3      | Reached skill level 4 in Axes
   141 | D:3      | Reached XP level 3. HP: 29/33 MP: 3/3
   259 | D:3      | Found a roughly hewn altar of Beogh.
   267 | D:3      | Your magical essence is drained by the effort!
   268 | D:3      | Reached skill level 5 in Axes
   268 | D:3      | Reached XP level 4. HP: 40/40 MP: 3/3
   299 | D:4      | Found Wiupt's Distillery.
   312 | D:4      | Reached XP level 5. HP: 44/46 MP: 4/4
   348 | D:4      | Reached skill level 6 in Axes
   375 | D:4      | Found Lucluawk's Armour Shoppe.
   382 | D:4      | Quit the game

Illustrated notes

Levels and vault maps discovered:
D:1:      lightli_arrival_isolated_outpost, layout_loops_cross,
          minmay_hedge_maze, minmay_strange_pillars, minmay_lizard_pond
D:2:      layout_rooms, nicolae_overflow_crystal_walls,
          gammafunk_temple_overflow_wave, fedhas_altar_2
D:3:      layout_loops_cross, old_standard_altar, kennysheep_orc_chapel,
          uniq_terence, uniq_sigmund
D:4:      cheibrodos_old_hovel, layout_loops_ring, kennysheep_mini,
          serial_shops, nicolae_shop_waterfront, shop, shop_statue, shop,
          chequers_serial_rivers_micro_c, uniq_grinder

Skill      XL: |  1  2  3  4  5 |
---------------+----------------+-----
Axes           | 3 4 5 6 |  6.0
Fighting       | |  2.6
Armour         | |  3.2
Shields        | |  3.2

Action                   |  1- 3 |  4- 6 || total
-------------------------+-------+-------++-------
Melee: War axe           |    56 |    17 ||    73
 Abil: Heal Wounds       |     2 |       ||     2
  Use: Scroll            |       |     3 ||     3
Armor: Scale mail        |    37 |     7 ||    44
Dodge: Dodged            |    26 |     6 ||    32
Block: Kite shield       |    38 |    15 ||    53
